 Dungeon Crawl Stone Soup version 0.30-a0-748-ge6a52f7cba (webtiles) character file.

Game seed: 5064928501002664290

91 boo the Insei (level 4, -6/36 HPs)
             Began as a Demonspawn Monk on Feb 9, 2023.
             Killed from afar by Natasha (7 damage)
             ... with a magic dart
             ... on level 2 of the Dungeon.
             The game lasted 00:03:18 (1848 turns).

boo the Insei (Demonspawn Monk)                     Turns: 1848, Time: 00:03:18

Health: -6/36      AC:  5    Str: 14    XL:     4   Next: 33%
Magic:  4/4        EV: 11    Int: 13    God:
Gold:   42         SH:  0    Dex: 15    Spells: 3/3 levels left

rFire   . . .      SeeInvis .      - Unarmed
rCold   . . .      Faith    .    (no shield)
rNeg    . . .      Spirit   .    d - +0 ring mail
rPois   .          Reflect  .    (helmet restricted)
rElec   .          Harm     .    (no cloak)
rCorr   .          Rampage  .    (no gloves)
Will    .....                    (no boots)
Stlth   +                        (no amulet)
HPRegen 0.26/turn                (no ring)
MPRegen 0.09/turn                (no ring)

@: slowed, very slow
A: horns 1, powered by pain 1, big brain 1
a: no special abilities


You were on level 2 of the Dungeon.
You visited 1 branch of the dungeon, and saw 2 of its levels.

You collected 42 gold pieces.

Inventory:

Armour
 a - the +1 chain mail of Spite {rN++ Str-3}
   (You found it on level 2 of the Dungeon)

   Str:       It affects your strength (-3).
   rN:        It greatly protects you from negative energy.
 d - a +0 ring mail (worn)
Scrolls
 c - a scroll of blinking {unknown}
 f - a scroll of noise {unknown}
 g - a scroll of identify
 h - a scroll of vulnerability {unknown}
 i - a scroll of teleportation {unknown}
 j - 3 scrolls of enchant armour {unknown}
 k - a scroll of fog {unknown}
 l - a scroll of immolation {unknown}
 m - a scroll of magic mapping {unknown}
Potions
 b - a potion of ambrosia
 e - a potion of brilliance


   Skills:
 + Level 3.6 Fighting
 + Level 3.3 Dodging
 - Level 1.7 Stealth
 * Level 3.8 Unarmed Combat


You had 3 spell levels left.
You didn't know any spells.
Your spell library contained the following spells:

 Spells                   Type           Power      Damage    Failure   Level
 Ensorcelled Hibernation  Hex/Ice        0%         N/A       67%         2
 Passwall                 Tmut/Erth      0%         N/A       67%         2
 Swiftness                Air            0%         N/A       88%         3


Dungeon Overview and Level Annotations

Branches:
Dungeon (2/15)

Altars:

Annotations:
D:2 Natasha


Innate Abilities, Weirdness & Mutations

You have a pair of small horns on your head.
You sometimes gain a little power by taking damage.
You have an unusually large brain. (Int +2)


Message History

Natasha, Servant of Life and Death comes into view.
Natasha hisses angrily.
Natasha mumbles some strange words.
Natasha casts a spell at you.
You feel as though you will be slow longer.
The shadow imp hits you. x2
You barely miss the shadow imp.
You headbutt the shadow imp, but do no damage.
Natasha stares at you and mumbles some strange words.
The magic dart hits you. The shadow imp hits you.
You barely miss Natasha. Natasha barely misses you.
The shadow imp hits you but does no damage.
Natasha claws you.
You barely miss Natasha. Your headbutt misses Natasha. The shadow imp hits you.
Natasha casts a spell at you.
The magic dart hits you but does no damage.
The shadow imp misses you.
You hit Natasha.
Natasha is lightly wounded.
Natasha claws you.
The shadow imp hits you but does no damage.
You hit Natasha.
Natasha is moderately wounded.
Natasha stares at you and mumbles some strange words.
The magic dart hits you!
* * * LOW HITPOINT WARNING * * *
The shadow imp hits you.
* * * LOW HITPOINT WARNING * * *
Natasha casts a spell at you. The magic dart hits you.
* * * LOW HITPOINT WARNING * * *
The shadow imp barely misses you.
You closely miss Natasha.
Natasha is moderately wounded.
Natasha barely misses you. The shadow imp closely misses you.
You miss Natasha.
Natasha is moderately wounded.
Natasha stares at you and mumbles some strange words.
The magic dart hits you!
You die...

)#........#
#......#######.
.#........#
#............#
.#........#
#......>####.#
.##########
#######.# .#
############.#
.#
........[....#
.#
..........##.#
.#
..........####.
##
.......@........
......5h..######
..........#
..........#
..........#
..........#
###########


You could see Natasha and a shadow imp (summoned).

Vanquished Creatures
  Natasha (D:2)
  2 worms (D:2)
  2 dart slugs
  6 ball pythons
  6 endoplasms
  2 giant cockroaches (D:1)
  4 goblins
  4 hobgoblins
  2 jackals (D:1)
  9 kobolds
  A quokka (D:1)
  4 bats
  4 frilled lizards (D:1)
  3 rats
  A spectral kobold (D:1)
51 creatures vanquished.

Notes
Turn   | Place    | Note
-------+----------+-------------------------------------------
     0 | D:1      | boo the Demonspawn Monk began the quest for the Orb.
     0 | D:1      | Reached XP level 1. HP: 18/18 MP: 1/1
   132 | D:1      | Gained mutation: You have a pair of small horns on your
                  | head. [demonic ancestry]
   132 | D:1      | Reached XP level 2. HP: 18/24 MP: 2/2
   264 | D:1      | Found a faded altar of an unknown god.
   530 | D:1      | Gained mutation: You sometimes gain a little power by
                  | taking damage. [demonic ancestry]
   530 | D:1      | Reached XP level 3. HP: 26/29 MP: 3/3
  1357 | D:2      | Identified the +1 chain mail of Spite {rN++ Str-3}
  1819 | D:2      | Noticed Natasha
  1830 | D:2      | Killed Natasha
  1831 | D:2      | Gained mutation: You have an unusually large brain. (Int
                  | +2) [demonic ancestry]
  1831 | D:2      | Reached XP level 4. HP: 27/36 MP: 4/4
  1838 | D:2      | Noticed Natasha
  1846 | D:2      | HP: 1/36 [Natasha/magic dart (2)]
  1848 | D:2      | Killed from afar by Natasha

Illustrated notes

Levels and vault maps discovered:
D:1:      wander_arrival_lonely_grave, layout_basic,
          dreamdust_ecumenical_altar_drowned_temple, minmay_tall_x
D:2:      layout_basic, st_stairs_12, uniq_natasha

Skill      XL: |  1  2 |
---------------+-------+-----
Unarmed Combat | 3 |  3.8
Dodging        | 3 |  3.3
Fighting       | |  3.6
Stealth        | |  1.7

Action                     |  1- 3 |  4- 6 || total
---------------------------+-------+-------++-------
  Melee: Unarmed           |   157 |     7 ||   164
         Punch             |     8 |       ||     8
         Headbutt          |    19 |     1 ||    20
    Use: Scroll            |     1 |       ||     1
   Stab: Sleeping          |     7 |       ||     7
 Armour: Robe              |     2 |       ||     2
         Ring mail         |    22 |     3 ||    25
  Dodge: Dodged            |    85 |     5 ||    90

Table legend: (Time is in decaauts)
 A = Elapsed time spent in this place.
 B = Non-inter-level travel time spent in this place.
 C = Inter-level travel time spent in this place.
 D = Time resting spent in this place.
 E = Time spent auto-exploring this place.
 F = Levels seen in this place.
 G = Mean time per level.
                   A        B        C        D        E       F      G
               +--------+--------+--------+--------+--------+-----+--------+
         Total |   1852 |   1833 |     19 |     87 |   1324 |   2 |  926.0 |
       Dungeon |   1852 |   1833 |     19 |     87 |   1324 |   2 |  926.0 |
               +--------+--------+--------+--------+--------+-----+--------+

Top non-repeatable levels by time:
     D:1: 1259 daAuts
     D:2: 592 daAuts
